[Event "Polofinale MCR junioru 2023"]
[Site "Czech Republic"]
[Date "2023.11.11"]
[Round "1.27"]
[White "Jasso, Matej"]
[Black "Nespurek, Jakub"]
[Result "1-0"]
[TimeControl "90 min per 40 moves + 15 min + 30 sec / move from move 1"]
[WhiteFideId "23710748"]
[BlackFideId "391816"]
[WhiteElo "2033"]
[BlackElo "1680"]

1. e4 g6 2. d4 d6 3. Nc3 Bg7 4. f4 Nd7 5. Nf3 c5 6. Be3 Ngf6 7. dxc5 dxc5 8. e5 Ng4 9. Bg1 O-O 10.
Qd2 a6 11. O-O-O Qa5 12. Kb1 b5 13. Nd5 b4 14. Nxe7+ Kh8 15. Nxc8 Raxc8 16. Ng5 Nb6 17. Qe2 Ra8 18. Qxg4 Na4 19. Bc4 Nc3+ 20. Ka1 Nxd1 21.
Qxd1 Rad8 22. Qc1 Rd7 23. Be3 h6 24. Ne4 Rc8 25. Nd6 Rcc7 26. Rd1 Bf8 27. Nxf7+ Rxf7 28. Bxf7 Rxf7 29. Qd2 Kg7 30.
Qd5 Qa4 31. e6 Re7 32. Bxc5 Qxc2 33. f5 Rc7 34. Bxf8+ Kxf8 35. Qd8+ Kg7 36. f6+ Kh7 37. Rd7+ Rxd7 38. Qxd7+ Kh8 39.
Qg7# 1-0

[Event "Polofinale MCR junioru 2023"]
[Site "Czech Republic"]
[Date "2023.11.11"]
[Round "1.28"]
[White "Urbansky, Stepan"]
[Black "Mametev, Artem"]
[Result "0-1"]
[TimeControl "90 min per 40 moves + 15 min + 30 sec / move from move 1"]
[WhiteFideId "23761741"]
[BlackFideId "23710195"]
[WhiteElo "1675"]
[BlackElo "2024"]

1. e4 c5 2. Nf3 d6 3. d4 cxd4 4. Nxd4 Nf6 5. Nc3 Nc6 6. Bg5 e6 7. Bc4 Be7 8. Qd2 h6 9. Bxf6 gxf6 10.
O-O-O a6 11. Kb1 Qb6 12. f4 Qxd4 13. Qxd4 Nxd4 14. Rxd4 Bd7 15. f5 O-O-O 16. Bb3 Rdg8 17. Rd2 h5 18.
Na4 Kc7 19. Rhd1 Bc8 20. g3 h4 21. Rd3 b5 22. Nc3 Rg4 23. Rd4 hxg3 24. hxg3 Rxg3 25. a4 Bd7 26. axb5 axb5 27. Ne2 Rg4 28.
c3 Rh2 29. Nc1 e5 30. Rb4 d5 31. Bxd5 Bxb4 32. cxb4 Bc6 33. Nb3 Bxd5 34. Rxd5 Rgg2 0-1

[Event "Polofinale MCR junioru 2023"]
[Site "Czech Republic"]
[Date "2023.11.11"]
[Round "1.29"]
[White "Tillman, Stanislav"]
[Black "Zezula, Matej"]
[Result "1-0"]
[TimeControl "90 min per 40 moves + 15 min + 30 sec / move from move 1"]
[WhiteFideId "23714247"]
[BlackFideId "23725796"]
[WhiteElo "2021"]
[BlackElo "1666"]

1. e4 c5 2. Nf3 d6 3. d4 cxd4 4. Nxd4 Nf6 5. Nc3 g6 6. Be2 Bg7 7. O-O O-O 8. Be3 Nc6 9. Nb3 Be6 10.
f4 Qc8 11. h3 Rd8 12. Bf3 Bc4 13. Be2 Be6 14. Qe1 d5 15. e5 d4 16. exf6 exf6 17. Bd2 dxc3 18. Bxc3 Re8 19. Qf2 Qc7 20.
Rad1 Rac8 21. Nc5 Ne7 22. Nxe6 fxe6 23. Bf3 a6 24. a4 Nf5 25. a5 Nd6 26. Rfe1 Nb5 27. Bd2 f5 28. c3 Nd6 29.
Qb6 Nc4 30. Qxb7 Qc5+ 31. Kh1 Qxa5 32. Rxe6 Red8 33. Re7 Bf6 34. Rxh7 Nd6 35. Bd5+ Qxd5 36. Qxd5+ Kxh7 37. Be3 Kh6 38.
Bb6 Ne4 39. Bxd8 Nf2+ 40. Kh2 Rxd8 41. Qxd8 Bxd8 42. Rxd8 1-0

[Event "Polofinale MCR junioru 2023"]
[Site "Czech Republic"]
[Date "2023.11.11"]
[Round "1.30"]
[White "Sadil, Antonin"]
[Black "Rousek, Jan"]
[Result "0-1"]
[TimeControl "90 min per 40 moves + 15 min + 30 sec / move from move 1"]
[WhiteFideId "23735597"]
[BlackFideId "386669"]
[WhiteElo "1648"]
[BlackElo "2006"]

1. e4 c5 2. Nf3 e6 3. d4 cxd4 4. Nxd4 Nf6 5. Nc3 Nc6 6. Ndb5 d6 7. Bf4 e5 8. Bg5 a6 9. Na3 Be7 10.
Bxf6 Bxf6 11. Nd5 b5 12. Nxf6+ Qxf6 13. c3 O-O 14. Be2 Bb7 15. Nc2 Ne7 16. Bf3 Rad8 17. Ne3 Qg6 18. Nf5 Rfe8 19.
Qd2 d5 20. Nxe7+ Rxe7 21. O-O-O d4 22. Qe2 Rc8 23. Rd3 Rec7 24. Rhd1 b4 25. Bg4 Bxe4 26. Bxc8 Bxd3 27. Qxe5 Rxc8 28.
Qxd4 bxc3 29. bxc3 Qxg2 30. Rxd3 Qg5+ 31. f4 Qe7 32. Kc2 h6 33. Qd7 Qe2+ 34. Rd2 Qe4+ 35. Rd3 Rb8 36. Qd4 Qe2+ 37.
Rd2 Qb5 38. c4 Qb1+ 39. Kc3 Qa1+ 40. Kd3 Qf1+ 41. Kc2 Qb1+ 42. Kc3 Re8 43. c5 Qc1+ 44. Kd3 Qa3+ 45. Kc4 Rb8 46. Qf2 Qb4+ 47.
Kd3 Rd8+ 48. Kc2 Rc8 49. Kd1 Rxc5 50. Qe3 Qc4 51. Rd8+ Kh7 52. Qd3+ Qxd3+ 53. Rxd3 Ra5 54. a3 Ra4 55.
Rf3 Kg6 56. Rg3+ Kf6 57. Rf3 Kf5 58. Rg3 g6 59. Ke2 Rxf4 60. Rc3 Ra4 61. Kf3 Kg5 62. Kg3 f5 63. h3 Rd4 64. Rf3 h5 65.
Rb3 h4+ 66. Kf3 Rd2 67. Rb6 Rd3+ 68. Kg2 Rxa3 69. Rc6 a5 70. Ra6 Ra2+ 71. Kh1 a4 72. Kg1 a3 73. Kh1 Kf4 74. Rxg6 Rb2 75.
Ra6 a2 76. Ra4+ Kg5 0-1

[Event "Polofinale MCR junioru 2023"]
[Site "Czech Republic"]
[Date "2023.11.11"]
[Round "1.31"]
[White "Andrle, Filip"]
[Black "Mrazek, Adam"]
[Result "1-0"]
[TimeControl "90 min per 40 moves + 15 min + 30 sec / move from move 1"]
[WhiteFideId "23718749"]
[BlackFideId "23725010"]
[WhiteElo "2005"]
[BlackElo "1643"]

1. e4 d6 2. d4 g6 3. Nc3 Bg7 4. Be3 a6 5. a4 Nc6 6. f3 e5 7. d5 Nce7 8. h4 Nf6 9. g4 c6 10.
a5 O-O 11. Bb6 Qe8 12. Bc4 cxd5 13. Nxd5 Nexd5 14. Bxd5 Qe7 15. Ne2 Nxd5 16. Qxd5 Be6 17. Qd2 f5 18. gxf5 gxf5 19. O-O-O fxe4 20.
fxe4 Rf6 21. Be3 Qc7 22. Bg5 Rg6 23. h5 Rxg5 24. Qxg5 Rc8 25. Nc3 h6 26. Qg3 Kh8 27. Qg6 Bf7 28.
Qxd6 Qxa5 29. Qd7 Rc7 30. Qd8+ Kh7 31. Kb1 Qc5 32. Rd7 Rxd7 33. Qxd7 Qc4 34. Qxb7 Qe6 35. Nd5 Be8 36. Rg1 Bf7 37.
Rf1 Kg8 38. Rf5 Be8 39. Qb8 Qd7 40. Nc7 Qd1+ 41. Ka2 Qxc2 42. Qxe8+ Kh7 43. Ne6 Qc4+ 44. Ka3 Qd3+ 45. b3 Qd6+ 46.
Ka4 1-0

[Event "Polofinale MCR junioru 2023"]
[Site "Czech Republic"]
[Date "2023.11.11"]
[Round "1.32"]
[White "Meca, Viktor"]
[Black "Zezula, Jakub"]
[Result "0-1"]
[TimeControl "90 min per 40 moves + 15 min + 30 sec / move from move 1"]
[WhiteFideId "23739800"]
[BlackFideId "23723203"]
[WhiteElo "1642"]
[BlackElo "2002"]

1. e4 e5 2. Nf3 Nc6 3. Bb5 a6 4. Ba4 Nf6 5. O-O Be7 6. Re1 b5 7. Bb3 d6 8. c3 O-O 9. d4 Bg4 10.
Be3 exd4 11. cxd4 Na5 12. Bc2 Nc4 13. Bc1 c5 14. b3 Nb6 15. Nbd2 Rc8 16. d5 Nfd7 17. Bb2 Bf6 18. Bxf6 Qxf6 19.
a4 c4 20. bxc4 Nxc4 21. Nxc4 Rxc4 22. axb5 Ne5 23. Re3 Rxc2 24. Qxc2 Nxf3+ 25. gxf3 Bh3 0-1

[Event "Polofinale MCR junioru 2023"]
[Site "Czech Republic"]
[Date "2023.11.11"]
[Round "1.33"]
[White "Pecka, Jan"]
[Black "Gregor, Alexandr"]
[Result "1-0"]
[TimeControl "90 min per 40 moves + 15 min + 30 sec / move from move 1"]
[WhiteFideId "23712520"]
[BlackFideId "23735813"]
[WhiteElo "1999"]
[BlackElo "1601"]

1. e4 c5 2. Nf3 Nc6 3. Bb5 e6 4. O-O Be7 5. c3 Nf6 6. Re1 O-O 7. d4 a6 8. Bd3 cxd4 9. cxd4 d5 10.
e5 Nd7 11. Nbd2 b5 12. a4 bxa4 13. Qxa4 Qc7 14. Qc2 h6 15. Nb3 Bb7 16. Bd2 Rfc8 17. Na5 Qb6 18. Qa4 Nxa5 19. Bxa5 Qc6 20.
Qd1 Nb6 21. Rc1 Nc4 22. b3 Qb5 23. Bc3 1-0

[Event "Polofinale MCR junioru 2023"]
[Site "Czech Republic"]
[Date "2023.11.11"]
[Round "1.34"]
[White "Valdman, Jakub"]
[Black "Vasinek, Martin"]
[Result "1/2-1/2"]
[TimeControl "90 min per 40 moves + 15 min + 30 sec / move from move 1"]
[WhiteFideId "23718196"]
[BlackFideId "392200"]
[WhiteElo "1594"]
[BlackElo "1987"]

1. e4 c5 2. Nf3 Nc6 3. d4 cxd4 4. Nxd4 g6 5. Nc3 Bg7 6. Be3 Nf6 7. Be2 O-O 8. O-O d6 9. h3 Bd7 10.
Qd2 a6 11. f4 b5 12. Bf3 Rc8 13. Nxc6 Bxc6 14. Nd5 Nd7 15. c3 Nc5 16. Rad1 Na4 17. Qf2 Bxd5 18. Rxd5 e6 19. Rd2 Qc7 20. Rfd1 Rfd8 21. Be2 Qb8 22. f5 e5 23. Bg4 Rc6 24. fxg6 fxg6 25. Be6+ Kh8 26. Bd5 Rc7 27. Bb3 Nc5 28. Bxc5 Rf8 29.
Qe3 dxc5 30. Bd5 h5 31. Rf2 Kh7 32. Rdf1 Bh6 33. Qg3 Bf4 34. Qd3 c4 35. Qe2 Rcc8 36. Kh1 Qd6 37. Rd1 Qe7 38.
Rf3 g5 39. Rff1 g4 40. Kg1 Rc7 41. g3 Bxg3 42. hxg4 Rxf1+ 43. Rxf1 Qh4 44. Rf7+ Rxf7 45. Bxf7 hxg4 46. Be6 Bf4 47.
Bf5+ Kh6 48. Qxg4 Qxg4+ 49. Bxg4 Bc1 50. Bc8 Bxb2 51. Bxa6 Bxc3 52. Bxb5 Bd4+ 53. Kf1 c3 54. Bd3 1/2-1/2

[Event "Polofinale MCR junioru 2023"]
[Site "Czech Republic"]
[Date "2023.11.11"]
[Round "1.35"]
[White "Pavlis, Matej"]
[Black "Pistej, Tomas"]
[Result "1-0"]
[TimeControl "90 min per 40 moves + 15 min + 30 sec / move from move 1"]
[WhiteFideId "23735767"]
[BlackFideId "23750740"]
[WhiteElo "1974"]
[BlackElo "1502"]

1. Nf3 d5 2. d4 Nf6 3. c4 c6 4. Nc3 e6 5. g3 Be7 6. Bg2 O-O 7. O-O a6 8. a4 dxc4 9. Ne5 Nbd7 10.
Nxc4 Nd5 11. a5 Bf6 12. Ne4 e5 13. Nxf6+ Qxf6 14. e4 Nc7 15. dxe5 Qe6 16. b3 Nxe5 17. Nxe5 Qxe5 18. Bf4 Qe7 19.
Bd6 Qd8 20. Bxf8 Qxf8 21. Qc2 Nb5 22. f4 f5 23. Qc4+ Kh8 24. Rad1 Qf6 25. Qc5 Be6 26. b4 Re8 27. Rfe1 g6 28.
exf5 1-0

[Event "Polofinale MCR junioru 2023"]
[Site "Czech Republic"]
[Date "2023.11.11"]
[Round "1.36"]
[White "Kocman, Patrik"]
[Black "Simunek, Jakub Simon"]
[Result "0-1"]
[TimeControl "90 min per 40 moves + 15 min + 30 sec / move from move 1"]
[WhiteFideId "23735732"]
[BlackFideId "23709464"]
[WhiteElo "1478"]
[BlackElo "1970"]

1. e4 e6 2. d4 d5 3. e5 c5 4. c3 Nc6 5. Nf3 Bd7 6. Be2 Nge7 7. Na3 Ng6 8. Nc2 Be7 9. O-O O-O 10.
Be3 cxd4 11. cxd4 Qb6 12. Rb1 Rac8 13. a3 Na5 14.
b4 Nc4 15. Bxc4 Rxc4 16.
Qd2 Rfc8 17. Rfc1 Qa6 18.
Nfe1 b6 19. f4 Nh4 20. g3 Nf5 21. Bf2 Rc3 22. Ng2 Qc4 23.
Rb2 Ba4 24. Nge1 Qc7 25. Kg2 h5 26. h4 Nh6 27. Bg1 Ng4 28. Bf2 Qc4 29. Bg1 f6 30. Bf2 fxe5 31. fxe5 Rf8 32. Bg1 Qf1+ 0-1

[Event "Polofinale MCR junioru 2023"]
[Site "Czech Republic"]
[Date "2023.11.11"]
[Round "1.37"]
[White "Vana, Jan"]
[Black "Striz, Tadeas"]
[Result "1-0"]
[TimeControl "90 min per 40 moves + 15 min + 30 sec / move from move 1"]
[WhiteFideId "23726016"]
[BlackFideId "23723530"]
[WhiteElo "1965"]
[BlackElo "1371"]

1. e4 c5 2. Nf3 d6 3. Nc3 Nf6 4. d4 cxd4 5. Nxd4 a6 6. Nb3 Nc6 7. f3 e5 8. Be3 Be6 9. Qd2 d5 10.
exd5 Nxd5 11. Nxd5 Qxd5 12. Qxd5 Bxd5 13. O-O-O O-O-O 14. Be2 Be7 15. Bb6 Rd7 16. Nc5 Bxc5 17. Bxc5 Kc7 18. c4 Be6 19. Rxd7+ Bxd7 20.
Rd1 b6 21. Bxb6+ Kxb6 22. Rxd7 Rf8 23. a3 Nd4 24. Bd3 Nb3+ 25. Kc2 Nc5 26. Rd5 f6 27. b4 1-0

[Event "Polofinale MCR junioru 2023"]
[Site "Czech Republic"]
[Date "2023.11.11"]
[Round "1.38"]
[White "Brychta, David"]
[Black "Lieber, Lukas"]
[Result "0-1"]
[TimeControl "90 min per 40 moves + 15 min + 30 sec / move from move 1"]
[WhiteFideId "23742798"]
[BlackFideId "23700688"]
[WhiteElo "1230"]
[BlackElo "1959"]

1. c4 e6 2. d4 Nf6 3. Nf3 b6 4.
Nc3 Bb4 5. Bd2 Bb7 6. e3 O-O 7. Be2 d6 8. O-O Bxc3 9. Bxc3 Ne4 10. Qc2 Nd7 11. Rfd1 f5 12. d5 e5 13. Bd3 Nxc3 14.
bxc3 e4 15. Bxe4 fxe4 16. Qxe4 Qf6 17. Rd4 Rae8 18. Qg4 Ne5 19. Qf4 Qg6 20. Qg3 Nxf3+ 21. gxf3 Rxf3 22. Qxg6 hxg6 23. Kg2 Ref8 24.
Rf1 Bc8 25. Rf4 R8xf4 26. exf4 Rxc3 27.
Re1 Kf7 28. Re4 Bh3+ 29. Kg1 Rc1+ 0-1

[Event "Polofinale MCR junioru 2023"]
[Site "Czech Republic"]
[Date "2023.11.11"]
[Round "1.39"]
[White "Trojan, Matyas"]
[Black "Sklar, Petr"]
[Result "1-0"]
[TimeControl "90 min per 40 moves + 15 min + 30 sec / move from move 1"]
[WhiteFideId "23710764"]
[BlackFideId "23731141"]
[WhiteElo "1957"]
[BlackElo "1160"]

1. e4 d6 2. d4 Nf6 3. Nc3 Nbd7 4. Nf3 e5 5. Be2 Be7 6. Rg1 c6 7. g4 Qc7 8. g5 Ng8 9. Be3 Nf8 10.
Qd2 Bd7 11. O-O-O O-O-O 12. dxe5 Be6 13.
exd6 Bxd6 14. Qd4 Kb8 15. Qxa7+ Kc8 16. Bb6 Bf4+ 17. Kb1 Qe7 18. Qa8+ Bb8 19. Rxd8+ Qxd8 20. Bxd8 1-0

[Event "Polofinale MCR junioru 2023"]
[Site "Czech Republic"]
[Date "2023.11.12"]
[Round "2.1"]
[White "Jun, Rudolf"]
[Black "Jasso, Matej"]
[Result "1-0"]
[TimeControl "90 min per 40 moves + 15 min + 30 sec / move from move 1"]
[WhiteFideId "376612"]
[BlackFideId "23710748"]
[WhiteElo "2260"]
[BlackElo "2033"]

1. e4 c5 2. Nf3 d6 3. Bb5+ Bd7 4. Bxd7+ Qxd7 5. O-O Nf6 6. Qe2 Nc6 7. c3 e6 8. Rd1 Be7 9. d3 O-O 10.
Nbd2 Ne8 11. Nf1 b5 12. d4 Qb7 13. d5 Nd8 14. Ne3 Nc7 15. b3 f5 16. exf5 exd5 17. Ng4 Nc6 18. Qd3 Qc8 19.
Ne3 Kh8 20. Nxd5 Nxd5 21. Qxd5 Rxf5 22. Qd3 Bf6 23. g4 Ne5 24. Qxf5 Qxf5 25. gxf5 Nxf3+ 26. Kf1 Bxc3 27. Rb1 Be5 28.
Rd5 a6 29. Bb2 Bf4 30. Kg2 Ng5 31. f6 Ne6 32. Re1 Nc7 33. Rf5 Bh6 34. f7 Rf8 35. Re7 1-0

[Event "Polofinale MCR junioru 2023"]
[Site "Czech Republic"]
[Date "2023.11.12"]
[Round "2.2"]
[White "Hozda, Max"]
[Black "Hak, David"]
[Result "0-1"]
[TimeControl "90 min per 40 moves + 15 min + 30 sec / move from move 1"]
[WhiteFideId "23725958"]
[BlackFideId "377007"]
[WhiteElo "2045"]
[BlackElo "2253"]

1. d4 Nf6 2. c4 e6 3. Nc3 Bb4 4. e3 c5 5. Nf3 Nc6 6. Bd3 Bxc3+ 7. bxc3 d6 8. O-O e5 9. d5 Ne7 10.
Qc2 O-O 11. Nd2 Ng6 12. Bf5 Nh4 13. Bxc8 Qxc8 14. f4 Qg4 15. Nb3 exf4 16. Rxf4 Qh5 17. Na5 b6 18. Nc6 Ng6 19. e4 Rfe8 20.
Rf5 Qg4 21. e5 Qxc4 22. exf6 Re1+ 23. Kf2 Rf1+ 24. Ke3 Re8+ 25. Ne7+ Nxe7 26. Rxf1 Qxf1 0-1

[Event "Polofinale MCR junioru 2023"]
[Site "Czech Republic"]
[Date "2023.11.12"]
[Round "2.3"]
[White "Mametev, Artem"]
[Black "Soucek, Petr"]
[Result "1/2-1/2"]
[TimeControl "90 min per 40 moves + 15 min + 30 sec / move from move 1"]
[WhiteFideId "23710195"]
[BlackFideId "23715170"]
[WhiteElo "2024"]
[BlackElo "2227"]

1. e4 c5 2. Nf3 d6 3. d4 cxd4 4. Nxd4 Nf6 5. Nc3 a6 6. Bc4 e6 7. Bb3 Nbd7 8. O-O Nc5 9. Re1 Be7 10.
Bg5 O-O 11. f4 Bd7 12. e5 dxe5 13. fxe5 Nd5 14. Bxe7 Nxe7 15. Ne4 Nxb3 16. axb3 Nc6 17. Nf3 Qb6+ 18. Kh1 Rad8 19. Nfg5 Nxe5 20.
Qh5 h6 21. Nf6+ gxf6 22. Qxh6 fxg5 23. Rxe5 f6 1/2-1/2

[Event "Polofinale MCR junioru 2023"]
[Site "Czech Republic"]
[Date "2023.11.12"]
[Round "2.4"]
[White "Seidl, Jan"]
[Black "Tillman, Stanislav"]
[Result "1-0"]
[TimeControl "90 min per 40 moves + 15 min + 30 sec / move from move 1"]
[WhiteFideId "23714522"]
[BlackFideId "23714247"]
[WhiteElo "2224"]
[BlackElo "2021"]

1. c4 Nf6 2. Nc3 e6 3. e4 d6 4. d4 Be7 5. g3 c5 6. Nf3 Nbd7 7. Bg2 cxd4 8. Nxd4 a6 9. O-O Qc7 10.
b3 Rb8 11. Bb2 b6 12. Re1 Bb7 13. Nd5 exd5 14. exd5 Kd8 15. Nc6+ Bxc6 16. dxc6 Nc5 17. b4 Ne6 18. f4 g6 19.
Qd3 Rg8 20. Rad1 Ke8 21. Bd5 Kf8 22. Bxe6 fxe6 23. Rxe6 Kf7 24. Rde1 Rbe8 25. Qd4 Ng4 26. h3 Bd8 27. Qd5 1-0

[Event "Polofinale MCR junioru 2023"]
[Site "Czech Republic"]
[Date "2023.11.12"]
[Round "2.5"]
[White "Rousek, Jan"]
[Black "Bokhnak, Timofey"]
[Result "1/2-1/2"]
[TimeControl "90 min per 40 moves + 15 min + 30 sec / move from move 1"]
[WhiteFideId "386669"]
[BlackFideId "14172976"]
[WhiteElo "2006"]
[BlackElo "2210"]

1. d4 Nf6 2. c4 e6 3. g3 d5 4. Bg2 Be7 5. Nf3 O-O 6. O-O Nbd7 7. b3 a5 8. Nbd2 c6 9. Qc2 b5 10.
e4 bxc4 11. bxc4 dxc4 12. Nxc4 Ba6 13. Re1 c5 14. dxc5 Bxc5 15. e5 Ng4 16. Ne3 Bxe3 17. Bxe3 Rc8 18. Qe4 Nxe3 19. Qxe3 Bb7 20.
Red1 Bd5 21. Nd4 Bxg2 22. Kxg2 Qc7 23. Rac1 Qb7+ 24. Qf3 Qxf3+ 25. Nxf3 Nb6 26. Rb1 Nd5 27. Rdc1 h6 28. Nd4 Nb4 29.
Rxc8 Rxc8 30. a3 Nd3 31. Rb5 Rc4 32. Nb3 a4 33. Nd2 Rc3 34. Kf1 Rxa3 35. Ke2 Nc1+ 36. Kd1 Nb3 37. Nxb3 axb3 38.
Kd2 Ra2+ 39. Ke3 Rb2 40. Rb7 Rb1 41. Kf3 b2 42. Kg2 Re1 43. Rxb2 Rxe5 44. Rb7 h5 45. h4 Rd5 46. Ra7 Kf8 47.
Rb7 Ke8 48. Ra7 Rd7 49. Ra5 g6 50. Rb5 Ke7 51. Ra5 Kf6 52. Ra6 Kf5 53. Ra4 e5 54. Ra5 Ke6 55. Ra4 f5 56. Rb4 Rd6 57.
Ra4 Kf6 58. Ra8 e4 59. Rb8 Ke5 60. Rb5+ Kd4 61. Rb3 Rf6 62. Ra3 f4 63. Ra4+ Kd3 64. Ra3+ Kd2 65. Ra2+ Kc3 66. Ra4 f3+ 67.
Kg1 Re6 68. Ra3+ Kd4 69. Ra4+ Ke5 70. Ra5+ Kf6 71. Ra4 g5 72. hxg5+ Kxg5 73. Kf1 h4 74.
gxh4+ Kxh4 75. Ke1 Kg4 76. Kd2 Kf4 77. Rd4 Ra6 78. Rd8 Ra2+ 79. Ke1 Ra5 80. Rf8+ Ke5 81. Re8+ Kd4 82. Rd8+ Kc4 83.
Rc8+ Rc5 84. Re8 Kd3 85. Rd8+ Kc3 86.
Re8 Rc4 87. Rd8 Kc2 88. Re8 Rc5 89. Re7 Rc8 90. Rd7 Kc3 91. Re7 Rc4 92. Re8 Kd3 93. Rd8+ Rd4 94. Re8 Rd7 95. Ra8 Kc3 96.
Rc8+ Kd4 97. Re8 Rd6 98. Kd2 Rd7 99. Ke1 Rd6 100. Kd2 Ra6 101. Rd8+ Ke5 102. Re8+ Re6 103. Ra8 Rd6+ 104. Ke1 Rd5 105. Re8+ Kf4 106. Rf8+ Rf5 107. Re8 Rg5 108. Rf8+ Ke5 1/2-1/2

[Event "Polofinale MCR junioru 2023"]
[Site "Czech Republic"]
[Date "2023.11.12"]
[Round "2.6"]
[White "Andrle, Filip"]
[Black "Vilimek, Vit"]
[Result "0-1"]
[TimeControl "90 min per 40 moves + 15 min + 30 sec / move from move 1"]
[WhiteFideId "23718749"]
[BlackFideId "23718218"]
[WhiteElo "2005"]
[BlackElo "2163"]

1. e4 c5 2. c4 Nc6 3. Nc3 g6 4. g3 Bg7 5. Bg2 e6 6. Nge2 Nge7 7. O-O O-O 8. d3 a6 9. Be3 Nd4 10.
Rb1 Nec6 11. a3 Qa5 12. b4 Qxa3 13. Nxd4 cxd4 14. Rb3 Qxb3 15. Qxb3 dxc3 16. Rd1 Nd4 17. Bxd4 Bxd4 18. e5 f6 19.
Rc1 fxe5 20. Rxc3 Rxf2 21. Kh1 a5 22. Qa3 axb4 23. Qxa8 bxc3 24. Qa3 c2 25. Qc1 Re2 0-1

[Event "Polofinale MCR junioru 2023"]
[Site "Czech Republic"]
[Date "2023.11.12"]
[Round "2.7"]
[White "Fizer, Marek"]
[Black "Pecka, Jan"]
[Result "1/2-1/2"]
[TimeControl "90 min per 40 moves + 15 min + 30 sec / move from move 1"]
[WhiteFideId "391980"]
[BlackFideId "23712520"]
[WhiteElo "2162"]
[BlackElo "1999"]

1. e4 e5 2. Nf3 Nc6 3. Bc4 Nf6 4. d3 Be7 5. O-O O-O 6. Re1 d6 7. a4 Na5 8. Ba2 c5 9. c3 h6 10.
Nbd2 a6 11. b4 Nc6 12. bxc5 dxc5 13. Nc4 Qc7 14. Nfxe5 Nxe5 15. Bf4 Bd6 16. Nxd6 Qxd6 17. d4 cxd4 18. cxd4 Nf3+ 19. Qxf3 Qxd4 20.
e5 Nh5 21. Bxh6 Bg4 22. Qe3 Rad8 23. Bg5 Qxe3 24. Rxe3 Rd4 25. h3 Be6 26. Bxe6 fxe6 27. g3 g6 28. Rb1 Rd2 29. Rf3 Rxf3 30.
Bxd2 Rd3 31. Bh6 Rd7 32. g4 Ng7 33. Rb6 Re7 34. Bg5 Rd7 35. f4 Kf7 36. Kf2 Ne8 37. f5 gxf5 38. gxf5 Ng7 39.
Rd6 Rc7 40. f6 Nf5 41. Rd8 Rc2+ 42. Bd2 Rb2 43. Kf3 Rb3+ 44. Kf4 Rxh3 45. Rd7+ Kg6 46. f7 Kg7 47. Rxb7 Nh6 48. f8=Q+ Kxf8 49.
Rb6 Rd3 50. Rxe6 Rxd2 51. Rxh6 Rd4+ 52. Kf5 Rxa4 53. Ke6 Re4 54. Rh8+ Kg7 55. Ra8 Re1 56. Rxa6 Kf8 57. Ra8+ Kg7 58.
Re8 Ra1 59. Rd8 Re1 60. Kd6 Kf7 61. Rd7+ Ke8 62. Rh7 Re2 63. Ke6 Kf8 64. Rf7+ Ke8 65. Rc7 Kf8 66. Rf7+ 1/2-1/2

[Event "Polofinale MCR junioru 2023"]
[Site "Czech Republic"]
[Date "2023.11.12"]
[Round "2.8"]
[White "Zezula, Jakub"]
[Black "Skypala, Ondrej"]
[Result "1/2-1/2"]
[TimeControl "90 min per 40 moves + 15 min + 30 sec / move from move 1"]
[WhiteFideId "23723203"]
[BlackFideId "366285"]
[WhiteElo "2002"]
[BlackElo "2159"]

1. e4 e6 2. d4 d5 3. Nd2 c5 4. exd5 Qxd5 5. Ngf3 cxd4 6. Bc4 Qd6 7. O-O a6 8. a4 Nc6 9. Nb3 Nf6 10.
Nbxd4 Nxd4 11. Qxd4 Qxd4 12. Nxd4 Bc5 13. Nb3 Be7 14. Be3 O-O 15. a5 Bd7 16. Rad1 Rac8 17. Bd3 Ba4 18. Ra1 Bc6 19.
f3 Nd5 20. Bc5 Bxc5+ 21. Nxc5 Nf4 22. b4 Nxd3 23. cxd3 Rfd8 24. Rfd1 Rd4 25. Rab1 g5 26. h3 Kg7 27. Kf2 h5 28.
Re1 Rcd8 29. Ke3 g4 30. hxg4 hxg4 31. Rh1 R4d5 32. Rh4 Rg5 33. Rbh1 gxf3 34. gxf3 Rg3 35. R4h3 Rg6 36. Rh7+ Kf6 37.
d4 Rdg8 38. Nd3 R6g7 39. Ne5 Bd5 40. R7h6+ Ke7 41. Rc1 Kd6 42. Rc5 Rf8 43. Rf6 Bc6 44. Rh6 f6 45. Nxc6 bxc6 46. Rh2 Rg5 47.
Rc4 e5 48. Rhc2 Rc8 49. dxe5+ fxe5 50. f4 exf4+ 51. Rxf4 Re8+ 52. Kd3 Rd5+ 53. Kc4 Re6 54. Rd4 Rh6 55. Rcd2 Rhh5 56. Rg2 Rxd4+ 1/2-1/2

[Event "Polofinale MCR junioru 2023"]
[Site "Czech Republic"]
[Date "2023.11.12"]
[Round "2.9"]
[White "Hlavina, Matous"]
[Black "Pavlis, Matej"]
[Result "1/2-1/2"]
[TimeControl "90 min per 40 moves + 15 min + 30 sec / move from move 1"]
[WhiteFideId "386650"]
[BlackFideId "23735767"]
[WhiteElo "2134"]
[BlackElo "1974"]

1. e4 c5 2. Nf3 d6 3. d4 cxd4 4. Nxd4 Nf6 5. Nc3 a6 6. Be3 e5 7. Nb3 Be7 8. f3 Be6 9. Qd2 h5 10.
Nd5 Nxd5 11. exd5 Bf5 12. c4 Nd7 13. Be2 h4 14. Rc1 b6 15. O-O O-O 16. Na1 h3 17. g3 Bh7 18. Nc2 a5 19.
Bd3 f5 20. Rce1 Nc5 21. Bxc5 bxc5 22. Ne3 Qd7 23. Qc2 Rf7 24. Kh1 Raf8 25. Rg1 Kh8 26. Rgf1 Bd8 27. f4 e4 28. Be2 Bf6 29.
Nd1 g5 30. Nf2 g4 31. Nd1 Rb8 32. Nc3 Qd8 33. Nb5 Rfb7 34. Bd1 Bg6 35. Be2 Be8 36. a4 Ra8 37. Ra1 Qe7 38. Ra3 Ra6 39.
Rb3 Qg7 40. Re1 Rab6 41. Ra1 1/2-1/2

[Event "Polofinale MCR junioru 2023"]
[Site "Czech Republic"]
[Date "2023.11.12"]
[Round "2.10"]
[White "Simunek, Jakub Simon"]
[Black "Hurtik, Matej"]
[Result "0-1"]
[TimeControl "90 min per 40 moves + 15 min + 30 sec / move from move 1"]
[WhiteFideId "23709464"]
[BlackFideId "397997"]
[WhiteElo "1970"]
[BlackElo "2131"]

1. e4 c5 2. Nf3 Nc6 3. Bb5 Nf6 4. e5 Nd5 5. O-O e6 6. c3 a6 7. Ba4 b5 8. Bc2 Qc7 9. d4 Bb7 10.
Nbd2 cxd4 11. cxd4 Rc8 12. Be4 Na5 13. Nb3 Nc3 14. bxc3 Bxe4 15. Nxa5 Qxa5 16. Bd2 Qa3 17. Ng5 Bd5 18.
Qg4 Be7 19. Qf4 O-O 20. Qg3 f6 21. Nh3 fxe5 22. Qxe5 Rf6 23. f3 Bd6 24. Qh5 Rcf8 25. Rf2 Rf5 26. Qh4 Be7 27. Qg3 Bd6 28.
Qh4 R8f6 29. Raf1 Be7 30. Bg5 Rf7 31. g4 Rxg5 32. Nxg5 h6 33. f4 hxg5 34. fxg5 Rxf2 35. Qxf2 e5 36.
Qd2 exd4 37. cxd4 Qh3 38. Re1 Qxg4+ 39. Kf2 Qf3+ 40. Kg1 Qg4+ 41. Kf2 Qg2+ 0-1

[Event "Polofinale MCR junioru 2023"]
[Site "Czech Republic"]
[Date "2023.11.12"]
[Round "2.11"]
[White "Vana, Jan"]
[Black "Prazak, Daniel"]
[Result "0-1"]
[TimeControl "90 min per 40 moves + 15 min + 30 sec / move from move 1"]
[WhiteFideId "23726016"]
[BlackFideId "23709456"]
[WhiteElo "1965"]
[BlackElo "2103"]

1. e4 e6 2. d4 d5 3. Nd2 c5 4. Ngf3 Nf6 5. exd5 Nxd5 6. Ne4 Nd7 7. c4 N5f6 8. Bg5 Be7 9. Bxf6 Nxf6 10.
Nxc5 Bxc5 11. dxc5 Qa5+ 12. Qd2 Qxc5 13. b4 Qc7 14. Rd1 b6 15. Qd6 Qxd6 16. Rxd6 Bb7 17. c5 Ke7 18. Rd1 bxc5 19.
bxc5 Rhc8 20. Rc1 Ne4 21. Bd3 Nxc5 22. Ke2 Bd5 23. a3 Rab8 24. Rb1 g6 25. Rxb8 Rxb8 26. Rc1 Bxf3+ 27. gxf3 Nxd3 28.
Kxd3 Rb3+ 29. Ke4 Rxa3 30. f4 Kf6 31. Rc7 Rh3 32. Rxa7 Rxh2 33. Ke3 Rh3+ 34. f3 Rh2 35. Rb7 Ra2 36.
Rc7 Ra5 37. Rc8 e5 38. fxe5+ Rxe5+ 39. Kf4 Rf5+ 40. Kg3 Kg5 41. Rc4 h5 42. f4+ Kf6 43. Rc6+ Kg7 44. Rc7 Ra5 45.
Kh4 Ra3 46. Rb7 Rf3 47. Rb4 Kh6 0-1